 Dungeon Crawl Stone Soup version 0.30-a0-371-gad7725a93e (webtiles) character file.

Game seed: 16802175990616249620

51032 themarg the Jinx (level 14, -8/108 HPs)
             Began as a Purple Draconian Conjurer on Nov 21, 2022.
             Was a High Priest of Hepliaklqana.
             Mangled by an orc warlord
             ... wielding a +1 vorpal bardiche
              (25 damage)
             ... on level 1 of the Orcish Mines.
             The game lasted 01:30:56 (24855 turns).

themarg the Jinx (Purple Draconian Conjurer)       Turns: 24855, Time: 01:30:57

Health: -8/108     AC: 15    Str:  9    XL:     14   Next: 21%
Magic:  5/38       EV: 28    Int: 24    God:    Hepliaklqana [*****.]
Gold:   1707       SH:  0    Dex: 10    Spells: 8/35 levels left

rFire   . . .      SeeInvis .    g - +8 whip "Snakebite" {venom, curare, rPois}
rCold   . . .      Faith    .    (no shield)
rNeg    + . .      Spirit   .    (body armour unavailable)
rPois   +          Reflect  .    (helmet restricted)
rElec   .          Harm     .    d - +2 cloak
rCorr   .          Rampage  .    W - +0 pair of gloves
Will    ++...                    K - +2 pair of boots of Makhleb's Whim {rN+}
Stlth   ++........               I - amulet of the acrobat
HPRegen 0.38/turn                z - ring of magical power
MPRegen 0.26/turn                w - ring of wizardry

@: acrobatic
A: reduced essence, breathe power, AC +8, unfitting armour, cold-blooded
a: Breathe Dispelling Energy, Renounce Religion, Recall Ancestor, Ancestor
Identity, Transference, Idealise


You were on level 1 of the Orcish Mines.
You worshipped Hepliaklqana.
Hepliaklqana was extremely pleased with you.
You visited 4 branches of the dungeon, and saw 20 of its levels.

You collected 1707 gold pieces.

Inventory:

Hand Weapons
 g - the +8 whip "Snakebite" (weapon) {venom, curare, rPois}
   (You found it on level 2 of the Lair of Beasts)

   It poisons the flesh of those it strikes.
   It occasionally inflicts asphyxiating poison on those it strikes, dealing
   poison damage and causing slowness.
   rPois:     It protects you from poison.
 v - a +0 spectral mace
Missiles
 b - 3 curare-tipped darts
 B - 5 boomerangs
 D - 3 throwing nets
 N - 5 atropa-tipped darts (quivered)
Armour
 d - a +2 cloak (worn)
 K - the +2 pair of boots of Makhleb's Whim (worn) {rN+}
   (You acquired it on level 11 of the Dungeon)

   rN:        It protects you from negative energy.
 W - a +0 pair of gloves (worn)
Jewellery
 j - a ring of protection from cold
 p - a ring of ice
 w - a ring of wizardry (right hand)
 z - a ring of magical power (left hand)
 A - a +6 ring of dexterity
 I - an amulet of the acrobat (around neck)
 M - a +4 ring of evasion
 Q - a +6 ring of strength
 X - a ring of protection from fire
 Z - a +6 ring of intelligence
Wands
 c - a wand of mindburst (4)
 l - a wand of light (11)
 t - a wand of iceblast (9)
 u - a wand of digging (13)
 F - a wand of flame (47)
 P - a wand of polymorph (5)
 S - a wand of charming (11)
Scrolls
 f - 4 scrolls of teleportation
 h - 5 scrolls of magic mapping
 m - 3 scrolls of blinking
 q - 3 scrolls of poison
 s - 2 scrolls of amnesia
 x - 4 scrolls of silence
 y - 4 scrolls of enchant weapon
 G - a scroll of brand weapon
 H - 2 scrolls of butterflies
 J - 2 scrolls of fear
 O - 2 scrolls of immolation
 U - 2 scrolls of vulnerability
 Y - a scroll of summoning
Potions
 a - 4 potions of magic
 e - 7 potions of heal wounds
 i - 5 potions of haste
 k - 3 potions of curing
 n - 3 potions of lignification
 o - 8 potions of mutation
 r - 5 potions of might
 C - 5 potions of flight
 E - 3 potions of ambrosia
 L - 3 potions of berserk rage
 R - a potion of resistance {unknown}
 V - 4 potions of brilliance


   Skills:
 - Level 10.0 Fighting
 - Level 5.0 Dodging
 - Level 3.0 Stealth
 + Level 11.0 Spellcasting
 - Level 10.0 Conjurations
 - Level 14.0 Hexes
 * Level 1.8 Necromancy
 - Level 3.0 Translocations
 - Level 7.0 Transmutations
 * Level 1.5 Air Magic
 + Level 11.0 Invocations
 - Level 5.0 Evocations


You had 8 spell levels left.
You knew the following spells:

 Your Spells              Type           Power      Damage    Failure   Level
a - Magic Dart            Conj           100%       1d8       1%          1
b - Searing Ray           Conj           100%       2d8       1%          2
c - Fulminant Prism       Conj/Hex       31%        3d15      1%          4
d - Iskenderun's Mystic   Conj/Tloc      44%        2d10      1%          4
e - Cause Fear            Hex            34%        N/A       1%          4
f - Enfeeble              Hex            34%        N/A       5%          7
g - Arcjolt               Conj/Air       20%        1d30      4%          5

Your spell library contained the following spells:

 Spells                   Type           Power      Damage    Failure   Level
 Slow                     Hex            100%       N/A       0%          1
 Sting                    Tmut/Pois      100%       1d8       1%          1
 Ensorcelled Hibernation  Hex/Ice        92%        N/A       1%          2
 Static Discharge         Conj/Air       80%        2-6/arc   1%          2
 Confusing Touch          Hex            69%        N/A       1%          3
 Dazzling Flash           Conj/Hex       100%       N/A       1%          3
 Hailstorm                Conj/Ice       37%        3d9       1%          3
 Portal Projectile        Hex/Tloc       100%       N/A       1%          3
 Spider Form              Tmut/Pois      30%        N/A       1%          3
 Anguish                  Hex/Necr       25%        N/A       1%          4
 Leda's Liquefaction      Hex/Erth       23%        N/A       1%          4
 Yara's Violent Unravell  Hex/Tmut       29%        3d12      1%          5
 Poisonous Vapours        Pois/Air       32%        N/A       2%          2
 Vampiric Draining        Necr           22%        2d7       2%          3
 Vhi's Electric Charge    Tloc/Air       48%        N/A       2%          3
 Kindle Blastsparks       Fire/Tloc/Air  40%        2d13      3%          3
 Ice Form                 Ice/Tmut       30%        N/A       4%          4
 Lightning Bolt           Conj/Air       20%        1d35      4%          5
 Call Canine Familiar     Summ           13%        N/A       6%          3
 Alistair's Intoxication  Tmut/Pois      20%        N/A       12%         5
 Olgreb's Toxic Radiance  Pois           13%        N/A       19%         4
 Borgnjor's Vile Clutch   Necr/Erth      8%         N/A       32%         5
 Lee's Rapid Deconstruct  Erth           6%         3d6*      45%         5
 Eringya's Noxious Bog    Tmut/Pois      15%        N/A       52%         6
 Simulacrum               Ice/Necr       8%         N/A       86%         6
 Storm Form               Tmut/Air       16%        N/A       93%         7


Dungeon Overview and Level Annotations

Branches:
Dungeon (12/15)            Temple (1/1) D:4            Lair (5/5) D:10
  Swamp (0/4) Lair:2       Spider (0/4) Lair:3        Slime (0/5) Lair:4
    Orc (2/2) D:10
    Elf: Orc:2

Altars:
Ashenzari
Cheibriados
Dithmenos
Elyvilon
Fedhas
Gozag
Hepliaklqana
Kikubaaqudgha
Makhleb
Nemelex Xobeh
Okawaru
Qazlal
Ru
Sif Muna
Trog
Uskayaw
Vehumet
Wu Jian
Xom
Yredelemnul
Zin
The Shining One

Shops:
D:6 *   D:10 :

Annotations:
D:12 6 runed translucent doors, exclusion: 3 doors


Innate Abilities, Weirdness & Mutations

Your life essence is reduced to manifest your ancestor. (-10% HP)
You can breathe bolts of dispelling energy.
Your rich purple scales are hard. (AC +8)
You cannot fit into any form of body armour.
You are cold-blooded and may be slowed by cold attacks.


Message History

The orc warlord is lost in a daze.
You closely miss the warg.
The warg is heavily wounded.
The orc warlord barely misses FBHTFHTCG.
FBHTFHTCG closely misses the orc warlord.
The warg bites you but does no damage.
FBHTFHTCG hits the orc warlord with a +0 flail.
FBHTFHTCG blocks the orc warlord's attack.
You whack the warg!
Your tail-slap misses the warg.
The warg is severely wounded.
The warg is lost in a daze.
FBHTFHTCG hits the orc warlord with a +0 flail.
The warg barely misses you.
You hit the warg.
The warg is poisoned.
Your tail-slap misses the warg.
The warg is severely wounded.
The orc warlord shouts!
The warg is lost in a daze.
FBHTFHTCG hits the orc warlord but does no damage.
You hit the warg.
The warg is almost dead.
You kill the warg!
FBHTFHTCG closely misses the orc warlord.
You see here a warg corpse.
The orc warlord is no longer dazed.
The orc warlord is no longer blind.
The orc warlord is no longer weakened.
The orc warlord hits you from afar with a +1 vorpal bardiche!!
* * * LOW HITPOINT WARNING * * *
x2 FBHTFHTCG hits the orc warlord with a +0 flail!
The orc warlord hits FBHTFHTCG with a +1 vorpal bardiche!!
FBHTFHTCG hits the orc warlord but does no damage.
You see here a warg corpse.
FBHTFHTCG hits the orc warlord with a +0 flail.
Your magical contamination has completely faded away.
FBHTFHTCG hits the orc warlord with a +0 flail.
Aiming: Mindburst
Press: ? - help, Shift-Dir - straight line, f/p - orc warlord
Aim: an orc warlord, wielding a +1 vorpal bardiche and wearing a +0 plate armour (moderately wounded, ally target, chance to affect: 50%)
The orc warlord's mind is blasted!!
The orc warlord hits you from afar with a +1 vorpal bardiche!!
You die...

..#..................##
..#.............))...##
#....#..........).>..#
#...................#
##.....##...........#
#...)...#..........##
$#.#..))...............#
...)))).†Ro...........##
.....#.))...@.......>..#
.#. ##.....#..........#
#....###.........#
##..## #.........# #...
..##... #...# ..# #.
##.#. .. ..


You could see the friendly FBHTFHTCG the knight and an orc warlord (ally
target).

Vanquished Creatures
  Fannar (D:12)
  2 hydras
  4 catoblepae
  A centaur warrior (D:7)
  A two-headed ogre (D:12)
  5 death yaks (Lair:5)
  Sonja (Lair:4)
  Pikel (D:7)
  An orc sorcerer (Orc:2)
  4 elephants (Lair:5)
  An oklob plant (Lair:2)
  2 manticores (Lair:5)
  A moth of wrath (D:7)
  Joseph (D:8)
  A gargoyle (D:12)
  4 black mambas (Lair:2)
  6 cane toads
  4 komodo dragons
  3 rime drakes
  A meliai (Lair:3)
  2 polar bears
  A troll (D:10)
  A hornet (D:11)
  2 blink frogs
  2 wraiths
  A vampire (D:10)
  29 yaks
  2 wyverns
  Eustachio (D:5)
  A steam dragon (Lair:2)
  A basilisk (D:12)
  2 vampire mosquitoes (D:12)
  Menkaure (D:7)
  A warg (Orc:1)
  A swamp worm (Lair:2)
  9 orc warriors
  16 water moccasins
  5 ice beasts
  6 black bears
  2 ogres
  6 wolves
  6 centaurs
  2 lemures (D:7)
  3 phantoms
  A kobold brigand (D:5)
  A gnoll sergeant (D:11)
  9 bullfrogs
  3 necrophages (D:6)
  A scorpion (D:6)
  8 wights
  9 killer bees
  4 electric eels (D:7)
  4 jellies
  8 orc priests
  A gnoll bouda (D:6)
  4 hounds
  4 iguanas
  11 orc wizards
  2 hell rats (Lair:4)
  14 gnolls
  7 adders
  3 shadow imps
  An ufetubus (D:4)
  3 worms
  46 orcs
  5 bats
  3 endoplasms
  A giant cockroach (D:1)
  6 goblins
  7 hobgoblins
  3 quokkas
  8 ball pythons
  A frilled lizard (D:2)
  17 kobolds
  5 rats
  A fulminant prism (Lair:1)
349 creatures vanquished.

Vanquished Creatures (collateral kills)
  Snorg (D:12)
  2 hydras (Lair:5)
  Erolcha (D:10)
  A two-headed ogre (D:12)
  3 death yaks (Lair:5)
  Urug (Lair:2)
  The ghost of Morninglord the Protected, a novice TeFi of Vehumet (D:7)
  A skeletal warrior (D:12)
  An orc knight (Orc:2)
  2 cyclopes (D:12)
  2 manticores (D:12)
  2 elephants (Lair:5)
  An unseen horror (D:11)
  3 cane toads
  2 rime drakes
  A kobold demonologist (D:12)
  A yaktaur (D:12)
  2 polar bears
  A slime creature (D:12)
  4 blink frogs
  17 yaks
  3 wraiths
  A wyvern (Lair:4)
  A vampire (D:10)
  3 basilisks
  2 wargs
  A swamp worm (Lair:2)
  2 water moccasins
  2 orc warriors (Orc:1)
  A black bear (Lair:3)
  2 centaurs (D:12)
  2 ogres (Orc:1)
  7 wolves
  A kobold brigand (D:9)
  4 bullfrogs
  A gnoll sergeant (D:12)
  5 wights
  A howler monkey (D:12)
  2 lava snakes (D:12)
  2 orc priests (Orc:2)
  2 jellies
  A gnoll bouda (D:10)
  An orc wizard (D:7)
  A gnoll (D:10)
  An adder (Lair:2)
  3 orcs
  2 endoplasms (Lair:4)
  A kobold (D:9)
105 creatures vanquished.

Vanquished Creatures (others)
  A vampire (D:12)
  4 knights
  An orc wizard (D:12)
  3 hell rats (Lair:4)
  3 ancestors
  A bush (Lair:5)
  44 fulminant prisms
  41 fungi
  87 plants
185 creatures vanquished.

Grand Total: 639 creatures vanquished

Notes
Turn   | Place    | Note
-------+----------+-------------------------------------------
     0 | D:1      | themarg the Draconian Conjurer began the quest for the Orb.
     0 | D:1      | Reached XP level 1. HP: 14/14 MP: 3/3
   773 | D:1      | Reached XP level 2. HP: 20/20 MP: 0/5
   776 | D:1      | Learned a level 2 spell: Searing Ray
  1091 | D:2      | Got the Catalogue of Malediction
  1381 | D:2      | Reached XP level 3. HP: 26/26 MP: 0/7
  1461 | D:2      | You fall into a shaft and drop 2 floors!
  2128 | D:2      | Noticed a black bear
  2134 | D:2      | Killed a black bear
  2135 | D:2      | Reached XP level 4. HP: 33/33 MP: 0/9
  2401 | D:3      | Reached XP level 5. HP: 38/38 MP: 8/10
  2577 | D:3      | Found an iron altar of Okawaru.
  3031 | D:3      | Identified the +2 dagger of Wuqu {venom, Fly rF+ Str+2}
  3156 | D:4      | Noticed a black bear
  3241 | D:4      | Killed a black bear
  3242 | D:4      | Reached skill level 5 in Conjurations
  3242 | D:4      | Reached XP level 6. HP: 37/45 MP: 4/12
  3681 | D:4      | Reached skill level 5 in Spellcasting
  3734 | D:4      | Found a staircase to the Ecumenical Temple.
  3744 | Temple   | Entered the Ecumenical Temple
  3939 | Temple   | Became a worshipper of Hepliaklqana the Forgotten
  4016 | D:4      | Your scales start taking on a rich purple colour.
  4016 | D:4      | Reached XP level 7. HP: 47/50 MP: 1/16
  4288 | D:4      | Reached skill level 1 in Hexes
  4522 | D:5      | Entered Level 5 of the Dungeon
  4546 | D:5      | Reached skill level 1 in Invocations
  4660 | D:5      | Reached skill level 2 in Hexes
  4698 | D:5      | Noticed Eustachio
  4707 | D:5      | Killed Eustachio
  4955 | D:5      | Reached skill level 3 in Hexes
  5048 | D:5      | Learned a level 4 spell: Fulminant Prism
  5053 | D:5      | Learned a level 4 spell: Iskenderun's Mystic Blast
  5219 | D:5      | Reached * piety under Hepliaklqana
  5465 | D:6      | Reached XP level 8. HP: 51/51 MP: 12/17
  5513 | D:6      | Reached skill level 1 in Translocations
  5679 | D:6      | Found Gapuc's Lightly-Used Armoury.
  5705 | D:6      | Got the Secrets of Transmogrification
  6087 | D:6      | Found a shimmering blue altar of Sif Muna.
  6600 | D:7      | Noticed Menkaure
  6608 | D:7      | Killed Menkaure
  6708 | D:7      | Found a hide-covered altar of Uskayaw.
  6727 | D:7      | Noticed Pikel
  6968 | D:7      | Reached XP level 9. HP: 42/55 MP: 5/18
  7517 | D:7      | Killed Pikel
  7518 | D:7      | Reached skill level 10 in Conjurations
  7518 | D:7      | Reached skill level 5 in Invocations
  7771 | D:7      | Reached skill level 1 in Fighting
  7800 | D:7      | Found a transporter.
  7800 | D:7      | Noticed Morninglord's ghost (novice TeFi)
  7904 | D:7      | Found a transporter.
  7911 | D:7      | Noticed a moth of wrath
  8143 | D:7      | Found a basalt altar of Yredelemnul.
  8167 | D:8      | Noticed a centaur warrior
  8189 | D:7      | Killed a centaur warrior
  8190 | D:7      | Reached XP level 10. HP: 22/72 MP: 1/20
  8538 | D:8      | Reached skill level 5 in Fighting
  8685 | D:8      | Noticed Joseph
  8698 | D:8      | Killed Joseph
  8845 | D:8      | Reached ** piety under Hepliaklqana
  8846 | D:8      | Remembered your ancestor FBHTFHTCG as a knight
  9136 | D:9      | Found an opulent altar of Gozag.
  9443 | D:9      | Reached skill level 1 in Transmutations
  9921 | D:10     | Entered Level 10 of the Dungeon
 10086 | D:10     | Reached skill level 4 in Hexes
 10326 | D:10     | Found a staircase to the Lair.
 10603 | D:10     | Found Ditutum's Book Emporium.
 10964 | D:10     | Identified the +5 dagger "Ysizur" {elec, Dex+3}
 10991 | D:10     | Found a snail-covered altar of Cheibriados.
 11002 | D:10     | Noticed Erolcha
 11010 | D:10     | Killed Erolcha
 11118 | D:10     | Reached *** piety under Hepliaklqana
 11164 | D:10     | Found a staircase to the Orcish Mines.
 11183 | D:10     | Reached XP level 11. HP: 82/82 MP: 0/23
 11472 | D:10     | Found a blossoming altar of Fedhas.
 12577 | D:11     | Identified a scroll of acquirement
 12579 | D:11     | Acquired the +2 pair of boots of Makhleb's Whim {rN+}
 12620 | Lair:1   | Entered Level 1 of the Lair of Beasts
 12711 | Lair:1   | Learned a level 4 spell: Cause Fear
 12749 | Lair:1   | Reached skill level 5 in Hexes
 12978 | Lair:1   | Reached skill level 10 in Invocations
 13525 | Lair:1   | Reached **** piety under Hepliaklqana
 14564 | Lair:2   | Reached skill level 1 in Evocations
 14568 | Lair:2   | Noticed Urug
 14591 | Lair:1   | Reached skill level 5 in Transmutations
 14749 | Lair:2   | Reached skill level 10 in Fighting
 14967 | Lair:2   | Found a staircase to the Swamp.
 14971 | Lair:2   | Killed Urug
 15191 | Lair:2   | Noticed a seven-headed hydra
 15201 | Lair:2   | Killed a seven-headed hydra
 15202 | Lair:2   | Reached XP level 12. HP: 95/95 MP: 8/25
 15437 | Lair:2   | Found the +1 robe of Vines {NoPotionHeal Regen++++}
 15445 | Lair:2   | Reached skill level 6 in Hexes
 16069 | Lair:2   | Reached skill level 7 in Hexes
 16207 | Lair:2   | Found the +8 whip "Snakebite" {venom, curare, rPois}
 16513 | Lair:3   | Found a hole to the Spider Nest.
 16577 | Lair:3   | Identified the +2 mace of Makhleb, Feeding {venom, *Corrode
                  | Int+3 Dex+7}
 16606 | Lair:3   | Reached skill level 5 in Evocations
 16798 | Lair:3   | Reached ***** piety under Hepliaklqana
 16830 | Lair:3   | Reached skill level 8 in Hexes
 17024 | Lair:3   | Noticed an eight-headed hydra
 17035 | Lair:3   | Killed an eight-headed hydra
 17036 | Lair:3   | Reached skill level 9 in Hexes
 18055 | Lair:4   | Found a staircase to the Slime Pits.
 18156 | Lair:4   | Identified the +3 ring mail "Jottyr" {+Inv Slay+5}
 18183 | Lair:4   | Reached skill level 10 in Hexes
 18210 | Lair:4   | Noticed Sonja
 18236 | Lair:4   | Killed Sonja
 19145 | D:7      | HP: 4/95 [black bear (1)]
 19151 | D:7      | Killed Morninglord's ghost
 19530 | Lair:5   | Entered Level 5 of the Lair of Beasts
 19597 | Lair:5   | Reached XP level 13. HP: 92/101 MP: 26/26
 19856 | Lair:5   | Reached skill level 10 in Spellcasting
 20166 | Lair:5   | Reached skill level 11 in Hexes
 20727 | Lair:5   | Reached skill level 5 in Dodging
 21038 | Lair:5   | Reached skill level 12 in Hexes
 21224 | Lair:5   | Learned a level 7 spell: Enfeeble
 21527 | Lair:5   | Reached skill level 13 in Hexes
 22335 | D:12     | Reached skill level 14 in Hexes
 22647 | D:12     | Found a sparkling altar of Nemelex Xobeh.
 22733 | D:12     | Noticed Snorg
 22759 | D:12     | Killed Snorg
 22918 | D:12     | Found a runed translucent gate.
 22918 | D:12     | Found a runed translucent gate.
 22918 | D:12     | Found a runed translucent gate.
 22951 | D:12     | Reached XP level 14. HP: 75/108 MP: 1/28
 23004 | D:12     | Noticed a fire giant
 23208 | D:12     | Identified the amulet "Tatink" {Will++ Regen+}
 23208 | D:12     | Noticed a fire giant
 23209 | D:12     | Noticed a war gargoyle
 23472 | D:12     | Found a runed translucent gate.
 23472 | D:12     | Found a runed translucent gate.
 23472 | D:12     | Found a runed translucent gate.
 23651 | D:12     | Noticed Fannar
 23667 | D:12     | Killed Fannar
 24139 | D:12     | Learned a level 5 spell: Arcjolt
 24212 | Orc:1    | Entered Level 1 of the Orcish Mines
 24630 | Orc:2    | Entered Level 2 of the Orcish Mines
 24635 | Orc:2    | Reached skill level 1 in Necromancy
 24638 | Orc:2    | Reached skill level 1 in Air Magic
 24835 | Orc:1    | Noticed an orc warlord
 24855 | Orc:1    | Mangled by an orc warlord

Illustrated notes

Levels and vault maps discovered:
D:1:      evilmike_arrival_crescent, layout_basic
D:2:      layout_basic, minmay_misc_feat_ornament
D:3:      layout_rooms, hellmonk_okawaru_the_only_friend_you_need
D:4:      layout_loops_ring, minmay_temple_entry_slanted,
          hangedman_abyss_or_decor_passed
D:5:      layout_rooms, minmay_fountain_box, uniq_eustachio
D:6:      layout_loops_ring, mainiacjoe_overflow_paths, minmay_shop_damaged
D:7:      layout_rooms, nicolae_overflow_hidden_temple,
          nicolae_overflow_crystal_walls, gammafunk_ghost_berserking_beasts,
          kennysheep_doodads, serial_bayou_lagoon_b, uniq_pikel, uniq_menkaure
D:8:      layout_basic, uniq_joseph
D:9:      layout_irregular_city, old_standard_altar, minmay_misc_feat_pillars
D:10:     layout_basic, mainiacjoe_overflow_swirl, hellmonk_lair_entry_icy,
          serial_shops, nicolae_inconvenience_store, uniq_erolcha
D:11:     layout_basic
D:12:     kennysheep_treasure_stockpile, layout_rooms,
          nemelex_xobeh_ov_fountains_minmay, uniq_fannar, uniq_snorg
Temple:   bh_familiar_temple
Lair:1:   layout_cave_pods
Lair:2:   minmay_guarded_unrand_snakebite, layout_regular_city,
          minmay_swamp_entry_worms, hellmonk_guarded_unrand_vines, uniq_urug
Lair:3:   layout_cave_pods, hellmonk_spider_entry_not_the_bees,
          nicolae_quartered_pool_super, minivault_23, serial_bayou_shore_b
Lair:4:   layout_roguey, nicolae_slime_entry_slimehenge, uniq_sonja
Lair:5:   evilmike_catoblepas_cave, layout_cave_pods
Orc:1:    layout_caves, abandoned_shop
Orc:2:    st_orc_rangers, layout_caves

Skill      XL: |  1  2  3  4  5  6  7  8  9 10 11 12 13 14 |
---------------+-------------------------------------------+-----
Stealth        | 2 3 |  3.0
Spellcasting   | 3 4 6 7 8 9 10 11 | 11.0
Conjurations   | 5 6 7 9 10 | 10.0
Hexes          | 3 4 5 10 14 | 14.0
Invocations    | 2 4 7 9 10 11 | 11.0
Translocations | 3 |  3.0
Fighting       | 4 7 10 | 10.0
Transmutations | 2 5 6 7 |  7.0
Evocations     | 2 5 |  5.0
Dodging        | 3 5 |  5.0
Necromancy     | 1 |  1.8
Air Magic      | 1 |  1.5

Action                   |  1- 3 |  4- 6 |  7- 9 | 10-12 | 13-15 || total
-------------------------+-------+-------+-------+-------+-------++-------
Melee: Unarmed           |     8 |       |       |       |       ||     8
       Dagger            |     3 |    11 |    21 |    31 |       ||    66
       Tailslap          |     1 |     2 |     2 |    33 |    50 ||    88
       Punch             |       |       |     1 |     2 |     4 ||     7
       Whip              |       |       |       |   145 |   240 ||   385
Throw: Dart              |       |       |       |     3 |       ||     3
       Throwing net      |       |       |       |     1 |       ||     1
 Cast: Magic Dart        |    52 |    33 |    39 |    34 |     8 ||   166
       Searing Ray       |     6 |    16 |    63 |    99 |    13 ||   197
       Iskenderun's Myst |       |       |     7 |    47 |    27 ||    81
       Fulminant Prism   |       |       |       |    35 |    10 ||    45
       Cause Fear        |       |       |       |     5 |     6 ||    11
       Enfeeble          |       |       |       |       |    43 ||    43
       Arcjolt           |       |       |       |       |    11 ||    11
Invok: Ancestor Identity |       |       |     1 |       |       ||     1
       Recall Ancestor   |       |       |     1 |       |       ||     1
       Ancestor Life: Kn |       |       |       |     1 |       ||     1
       Idealise          |       |       |       |     1 |     5 ||     6
 Abil: Breathe Dispellin |       |       |     2 |     1 |     1 ||     4
Evoke: Wand              |       |       |       |     8 |     3 ||    11
  Use: Scroll            |       |     4 |     9 |    13 |     6 ||    32
       Potion            |       |       |     1 |     4 |       ||     5
 Stab: Sleeping          |       |       |       |     1 |       ||     1
       Invisible         |       |       |       |       |     6 ||     6
Armor: Skin              |    15 |     4 |    42 |   104 |   112 ||   277
Dodge: Dodged            |    12 |    10 |    45 |   295 |   200 ||   562

Table legend: (Time is in decaauts)
 A = Elapsed time spent in this place.
 B = Non-inter-level travel time spent in this place.
 C = Inter-level travel time spent in this place.
 D = Time resting spent in this place.
 E = Time spent auto-exploring this place.
 F = Levels seen in this place.
 G = Mean time per level.
                   A        B        C        D        E       F      G
               +--------+--------+--------+--------+--------+-----+--------+
         Total |  24938 |  23733 |   1205 |   5912 |  14526 |  20 | 1246.9 |
       Dungeon |  15019 |  14342 |    677 |   2841 |   9617 |  12 | 1251.6 |
        Temple |    220 |    172 |     48 |      0 |    165 |   1 |  220.0 |
          Lair |   9053 |   8574 |    479 |   2885 |   4396 |   5 | 1810.6 |
  Orcish Mines |    644 |    644 |      0 |    186 |    347 |   2 |  322.0 |
               +--------+--------+--------+--------+--------+-----+--------+

Top non-repeatable levels by time:
  Lair:5: 2145 daAuts
  Lair:1: 2054 daAuts
     D:7: 2032 daAuts
  Lair:2: 1975 daAuts
    D:12: 1895 daAuts
  Lair:3: 1451 daAuts
  Lair:4: 1425 daAuts
    D:10: 1410 daAuts
    D:11: 1371 daAuts
     D:6: 1256 daAuts
     D:4: 1234 daAuts
     D:9: 1233 daAuts
     D:2: 1087 daAuts
     D:1: 1065 daAuts
     D:3: 911 daAuts
